 Dungeon Crawl Stone Soup version 0.25-a0-785-gb22c70e859 (webtiles) character file.

Game seed: 5555147642096098354, levelgen mode: deterministic

2 Maedhros the Charlatan (level 1, -1/13 HPs)
             Began as an Octopode Artificer on Apr 16, 2020.
             Hit by a stone thrown by a kobold (2 damage)
             ... on level 1 of the Dungeon.
             The game lasted 00:00:12 (36 turns).

Maedhros the Charlatan (Octopode Artificer)           Turns: 36, Time: 00:00:12

Health: -1/13      AC:  1    Str: 11    XL:     1   Next: 40%
Magic:  3/3        EV: 13    Int: 13    God:
Gold:   3          SH:  0    Dex: 12    Spells: 0/0 levels left

rFire    . . .     SeeInvis .   a - +0 short sword
rCold    . . .     Gourm    .   (no shield)
rNeg     . . .     Faith    .   (helmet restricted)
rPois    .         Spirit   .   (no amulet)
rElec    .         Reflect  .   (no ring)
rCorr    .         Harm     .   (no ring)
MR       .....                  (no ring)
Stlth    +++.......             (no ring)
HPRegen  0.04/turn              (no ring)
MPRegen  0.08/turn              (no ring)
                                (no ring)
                                (no ring)

@: no status effects
A: almost no armour, stealthy swim, amphibious, 8 rings, constrict 8, camouflage
1, gelatinous body 1
a: no special abilities


You were on level 1 of the Dungeon.
You were not hungry.

You visited 1 branch of the dungeon, and saw 1 of its levels.

You collected 3 gold pieces.

Inventory:

Hand Weapons
 a - a +0 short sword (weapon)
Wands
 b - a wand of flame (15)
 c - a wand of enslavement (13)
 d - a wand of random effects (15)
Comestibles
 f - a ration


   Skills:
 + Level 1.0 Fighting
 - Level 1.0 Short Blades
 + Level 2.0 Dodging
 + Level 1.5 Stealth
 * Level 0.3 Unarmed Combat
 - Level 3.2 Evocations


You couldn't memorise any spells.
You didn't know any spells.
Your spell library was empty.

Dungeon Overview and Level Annotations

Branches:
Dungeon (1/15)

Altars:


Innate Abilities, Weirdness & Mutations

You cannot wear most types of armour.
You are very stealthy in the water. (Stealth+)
You are amphibious.
You can wear up to eight rings at the same time.
You can use your tentacles to constrict eight enemies at once.
Your skin changes colour to match your surroundings (Stealth+).
Your rubbery body absorbs attacks. (AC +1, EV +1)


Message History

The stone misses your leopard gecko. The stone hits you but does no damage.
What are your orders? t - Shout!
Orders for allies: a - Attack new target. p - Attack previous target. r - Retreat! s - Stop attacking. g - Guard the area. f - Follow me.
Anything else - Cancel.
Guard this area!
Your leopard gecko bites the kobold.
The kobold hits your leopard gecko.
Your leopard gecko closely misses the kobold.
The kobold hits your leopard gecko but does no damage.
Your leopard gecko closely misses the kobold.
Your leopard gecko closely misses the kobold.
The kobold hits your leopard gecko but does no damage.
Your leopard gecko bites the kobold.
The kobold dies!
The kobold throws a stone.
The stone barely misses your leopard gecko.
The stone hits you.
You die...

###'###
#.....#####
#.....#...# ##
+..⌠..'.8.# ##.
#.....#...# ##..
#.....#####
###.#.#######'###
.........####.#
#.#.#(K†l.@.#
#..†#.######
..........#
#####.....#
##.#.... #.##.###
#. #.# #. #.# ..
.#


You could see a kobold and a friendly leopard gecko (unaware).

Vanquished Creatures
  A hobgoblin (D:1)
  A rat (D:1)
2 creatures vanquished.

Vanquished Creatures (collateral kills)
  A kobold (D:1)
1 creature vanquished.

Vanquished Creatures (others)
  A giant cockroach (D:1)
  A rat (D:1)
2 creatures vanquished.

Grand Total: 5 creatures vanquished

Notes
Turn   | Place    | Note
-------+----------+-------------------------------------------
     0 | D:1      | Maedhros the Octopode Artificer began the quest for the
                  | Orb.
     0 | D:1      | Reached XP level 1. HP: 13/13 MP: 3/3
    36 | D:1      | Hit by a stone thrown by a kobold

Levels and vault maps discovered:
D:1:      minmay_arrival_stair_chambers, layout_loops_ring, lemuel_old_faithful

Action                   || total
-------------------------++-------
Melee: Short sword       ||     4
       Constrict         ||     2
Evoke: Wand              ||     2
Dodge: Dodged            ||     9

Table legend:
 A = Non-vault XP
 B = Vault XP
 C = Vault XP percentage of total XP
 D = Non-vault monster count
 E = Vault monster count
 F = Vault count percentage of total count
                 A         B        C        D         E       F
            +---------+---------+-------+---------+---------+-------
      Total |       4 |       0 |   0.0 |       3 |       0 |   0.0
            +---------+---------+-------+---------+---------+-------
        D:1 |       4 |       0 |   0.0 |       3 |       0 |   0.0
            +---------+---------+-------+---------+---------+-------
